AoeStats
← andonihc9

Arabia

510332794Analyzed
1v1 RM · 2d ago on Sep 30, 2026· 52m 4s· 2 players
Game mode
Random Map
Map size
Tiny (2 player)
Population
200
Speed
Normal
Resources
Standard
Victory
Conquest
Starting age
Dark Age
Ending age
Imperial Age
RankedLock teamsTeams togetherTeam positionsShared explorationLock speedFull tech treeHidden civsTurbo modeCheats
Victory
Defeat
🇦🇷 Bohemians · Argentina
696
+18
🇲🇽 Byzantines · Mexico
739
-27
Kerry Kachota
12:34 Feudal Age
16:25 Double-Bit Axe
18:48 Castle Age
16:46 Horse Collar
19:03 Wheelbarrow
20:13 Bow Saw
20:00 Pikeman
20:42 Squires
22:21 Heavy Plow
26:24 Chemistry
27:43 Hand Cart
29:15 Padded Archer Armor
31:57 Town Watch
31:54 Light Cavalry
32:36 Husbandry
40:20 Scale Barding Armor
40:32 Leather Archer Armor
43:51 Imperial Age
45:06 Cavalier
andonihc9
6:15 Loom
12:22 Feudal Age
18:07 Double-Bit Axe
20:37 Castle Age
20:07 Fletching
21:39 Stone Mining
21:55 Horse Collar
25:18 Padded Archer Armor
24:51 Crossbowman
27:20 Bow Saw
31:06 Thumb Ring
33:19 Forging
33:21 Gold Mining
34:41 Stone Shaft Mining
34:34 Pikeman
35:14 Squires
36:38 Scale Mail Armor
36:54 Leather Archer Armor
39:31 Gold Shaft Mining
46:18 Imperial Age
44:24 Wheelbarrow
47:10 Gambesons
48:18 Elite Skirmisher
49:30 Ballistics
50:11 Chemistry
50:58 Murder Holes
51:15 Fortified Wall
51:42 Light Cavalry
52:23 Husbandry
Connection lost

Rejoining the realm…

Still unreachable

The connection could not be restored.

Session expired

The server has moved on; the page needs a fresh start.